 Dungeon Crawl Stone Soup version 0.27-a0-1186-g8b4daa1eef (webtiles) character file.

Game seed: 11053099301807975174

1836 bisexualwizard the Reanimator (level 9, 0/68 HPs)
             Began as a Hill Orc Necromancer on May 19, 2021.
             Was an Initiate of Makhleb.
             Slain by an ogre
             ... wielding a +0 giant spiked club
              (15 damage)
             ... on level 6 of the Dungeon.
             The game lasted 00:34:42 (9286 turns).

bisexualwizard the Reanimator (HONe)                Turns: 9286, Time: 00:34:43

Health: 0/68       AC:  8    Str: 14    XL:     9   Next: 11%
Magic:  12/15      EV: 12    Int: 15    God:    Makhleb [......]
Gold:   150        SH:  0    Dex: 11    Spells: 11/17 levels left

rFire    . . .     SeeInvis .   t - +0 broad axe
rCold    . . .     Faith    .   (no shield)
rNeg     . . .     Spirit   .   v - +0 steam dragon scales
rPois    .         Reflect  .   h - +1 helmet
rElec    .         Harm     .   (no cloak)
rCorr    .         Rampage  .   q - +0 pair of gloves
Will     .....                  (no boots)
Stlth    ++........             (no amulet)
HPRegen  0.21/turn              (no ring)
MPRegen  0.14/turn              (no ring)

@: no status effects
A: no striking features
a: Renounce Religion


You were on level 6 of the Dungeon.
You worshipped Makhleb.
Makhleb was noncommittal.
You visited 2 branches of the dungeon, and saw 7 of its levels.
You also visited: Ossuary.

You collected 150 gold pieces.

Inventory:

Hand Weapons
 d - a +0 dagger
 f - a +0 falchion
 g - a +2 whip of flaming
 o - a +0 hand axe
 t - a +0 broad axe (weapon)
Armour
 a - a +0 robe
 c - a +0 leather armour
 h - a +1 helmet (worn)
 q - a +0 pair of gloves (worn)
 v - +0 steam dragon scales (worn)
Jewellery
 p - the ring of Puillom {rElec rF- rC+ Dex+2 Stlth+}
   (You found it on level 6 of the Dungeon)

   [ring of protection from cold]

   It affects your dexterity (+2).
   It makes you vulnerable to fire.
   It protects you from cold.
   It insulates you from electricity.
   It makes you more stealthy.
Wands
 m - a wand of polymorph (5)
 r - a wand of iceblast (8)
Scrolls
 b - a scroll of blinking {unknown}
Potions
 e - a potion of might
 i - 2 potions of ambrosia {unknown}
 j - a potion of brilliance
 k - a potion of haste
 l - a potion of attraction {unknown}
 n - a potion of mutation {unknown}


   Skills:
 + Level 2.5 Fighting
 + Level 4.0 Axes
 + Level 2.3 Armour
 + Level 2.6 Dodging
 + Level 2.1 Stealth
 + Level 4.6 Spellcasting
 * Level 9.1 Necromancy


You had 11 spell levels left.
You knew the following spells:

 Your Spells              Type           Power      Damage    Failure   Level
a - Pain                  Necr           100%       1d9       1%          1
b - Animate Skeleton      Necr           60%        N/A       1%          1
c - Vampiric Draining     Necr           15%        2d8       1%          3
d - Magic Dart            Conj           12%        1d3       17%         1

Your spell library contained the following spells:

 Spells                   Type           Power      Damage    Failure   Level
 Animate Dead             Necr           15%        N/A       4%          4
 Agony                    Necr           30%        N/A       11%         5
 Summon Small Mammal      Summ           12%        N/A       17%         1
 Blink                    Tloc           N/A        N/A       26%         2
 Call Imp                 Summ           3%         N/A       26%         2
 Slow                     Hex            3%         N/A       26%         2
 Call Canine Familiar     Summ           3%         N/A       45%         3
 Conjure Flame            Conj/Fire      3%         6-21      45%         3
 Mephitic Cloud           Conj/Pois/Air  3%         N/A       45%         3
 Summon Guardian Golem    Hex/Summ       3%         N/A       45%         3
 Summon Ice Beast         Ice/Summ       3%         N/A       86%         4
 Summon Lightning Spire   Summ/Air       3%         N/A       86%         4


Dungeon Overview and Level Annotations

Branches:
Dungeon (6/15)             Temple (1/1) D:6         Ossuary (visited)

Altars:
Ashenzari
Cheibriados
Dithmenos
Fedhas
Hepliaklqana
Makhleb
Nemelex Xobeh
Okawaru
Ru
Trog
Uskayaw
Wu Jian
Xom
Yredelemnul
Zin
The Shining One

Annotations:
D:2 Natasha, Sigmund
D:4 3 runed translucent doors, RennBougie's ghost, amateur DsAK


Message History

The vampire hits you but does no damage.
The vampire barely misses you.
You closely miss the vampire. The vampire hits you. The vampire bites you!
The vampire draws strength from your injuries!
You closely miss the vampire. The vampire hits you.
The vampire closely misses you. The vampire hits you.
The vampire closely misses you.
Casting: Animate Skeleton (safe; 1% risk of failure)
Confirm with . or Enter, or press ? or * to list all spells.
You can't see any susceptible monsters within range! (Use Z to cast anyway.)
You hit the vampire but do no damage.
The vampire hits you but does no damage.
The vampire bites you but does no damage.
You barely miss the vampire. The vampire hits you!
The vampire bites you but does no damage.
The vampire barely misses you.
The vampire bites you but does no damage.
You closely miss the vampire. The vampire barely misses you.
The vampire misses you.
You feel much better. The vampire hits you. The vampire bites you!
The vampire draws strength from your injuries!
As you read the scroll of teleportation, it crumbles to dust.
You feel strangely unstable. The vampire hits you. The vampire bites you.
The vampire draws strength from your injuries!
The vampire hits you!
The vampire bites you but does no damage.
Your surroundings suddenly seem different.
An ogre comes into view. It is wielding a +0 giant spiked club.
The ogre shouts!
The ogre hits you with a +0 giant spiked club!!
* * * LOW HITPOINT WARNING * * *
Found a snail-covered altar of Cheibriados.
Casting: Animate Skeleton (safe; 1% risk of failure)
Confirm with . or Enter, or press ? or * to list all spells.
Aiming: Vampiric Draining (safe; 1% risk of failure)
Press: ? - help, Shift-Dir - straight line, f - ogre
Aim: an ogre, wielding a +0 giant spiked club You draw life force from the ogre!
You feel life coursing into your body.
The ogre hits you with a +0 giant spiked club!
You die...

.........#...
.........#...
.##.....##...
#####
#####.##...
##...##
###....
#.8.8.# #....
#.._..# #....
#.8O..# #####
#.@.+ #####


You could see an ogre.

Vanquished Creatures
  Maggie (D:6)
  An orc warrior (D:6)
  A black bear (D:6)
  An ogre (D:5)
  3 centaurs
  A water moccasin zombie (D:6)
  3 scorpions
  A howler monkey (D:5)
  4 hounds
  An orc priest (D:5)
  2 jellies
  3 bullfrog skeletons
  Ijyb (D:3)
  2 iguanas
  Natasha (twice) (D:2)
  2 orc wizards
  A killer bee zombie (D:5)
  A howler monkey skeleton (D:6)
  11 adders
  4 gnolls
  3 worms
  3 dart slugs (D:4)
  9 orcs
  5 ball pythons
  7 endoplasms
  6 giant cockroaches
  4 goblins
  6 hobgoblins
  10 jackals
  5 kobolds
  7 quokkas
  4 bats
  3 frilled lizards (D:1)
  A quokka skeleton (D:2)
  7 rats
126 creatures vanquished.

Vanquished Creatures (collateral kills)
  A centaur (D:6)
  An ufetubus (D:6)
  A ball python (D:4)
3 creatures vanquished.

Vanquished Creatures (others)
  3 fungi (D:4)
  A plant (D:4)
4 creatures vanquished.

Grand Total: 133 creatures vanquished

Notes
Turn   | Place    | Note
-------+----------+-------------------------------------------
     0 | D:1      | bisexualwizard the Hill Orc Necromancer began the quest for
                  | the Orb.
     0 | D:1      | Reached XP level 1. HP: 14/14 MP: 3/3
   545 | D:1      | Reached XP level 2. HP: 15/20 MP: 0/4
  1102 | D:1      | Learned a level 1 spell: Animate Skeleton
  1272 | D:1      | Reached XP level 3. HP: 23/26 MP: 2/5
  1735 | D:2      | Learned a level 3 spell: Vampiric Draining
  2387 | D:2      | Noticed Sigmund
  2509 | D:2      | Noticed Natasha
  2512 | D:2      | Reached XP level 4. HP: 31/33 MP: 4/7
  2521 | D:2      | Killed Natasha
  2522 | D:2      | Reached skill level 5 in Necromancy
  2716 | D:2      | Noticed Natasha
  2727 | D:2      | Killed Natasha
  2728 | D:2      | Reached XP level 5. HP: 19/38 MP: 1/8
  2902 | D:2      | Noticed Natasha
  3790 | D:3      | Found a glowing golden altar of the Shining One.
  3871 | D:3      | Learned a level 1 spell: Magic Dart
  3888 | D:3      | Noticed Ijyb
  3892 | D:3      | Killed Ijyb
  3893 | D:3      | Reached XP level 6. HP: 46/46 MP: 0/10
  4076 | D:3      | Reached skill level 6 in Necromancy
  5066 | D:4      | Found a runed translucent gate.
  5066 | D:4      | Found a runed translucent gate.
  5066 | D:4      | Found a runed translucent gate.
  5067 | D:4      | Noticed RennBougie's ghost (amateur DsAK)
  5957 | D:5      | Entered Level 5 of the Dungeon
  6084 | D:5      | Reached XP level 7. HP: 44/51 MP: 11/11
  6532 | D:5      | Reached skill level 1 in Fighting
  6532 | D:5      | Reached skill level 1 in Axes
  6532 | D:5      | Reached skill level 7 in Necromancy
  6659 | D:5      | Reached skill level 1 in Armour
  7289 | D:5      | Reached XP level 8. HP: 59/59 MP: 0/13
  7582 | D:5      | Found a glowing silver altar of Zin.
  7786 | D:6      | Found a sand-covered staircase.
  7797 | Ossuary  | Entered an ossuary
  8037 | D:6      | Found a staircase to the Ecumenical Temple.
  8048 | Temple   | Entered the Ecumenical Temple
  8056 | Temple   | Reached skill level 8 in Necromancy
  8417 | Temple   | Became a worshipper of Makhleb the Destroyer
  8642 | D:6      | Identified the ring of Puillom {rElec rF- rC+ Dex+2 Stlth+}
  9111 | D:6      | Noticed Maggie
  9127 | D:6      | Killed Maggie
  9128 | D:6      | Reached skill level 9 in Necromancy
  9128 | D:6      | Reached XP level 9. HP: 57/68 MP: 0/15
  9285 | D:6      | Found a snail-covered altar of Cheibriados.
  9286 | D:6      | Slain by an ogre

Illustrated notes

Levels and vault maps discovered:
D:1:      elethiomel_arrival_shortcut, layout_loops_ring,
          corexii_leaking_fountain
D:2:      minmay_razor_zed, layout_rooms, ebering_ecumenical_altar_box,
          uniq_sigmund, uniq_natasha
D:3:      layout_basic, marbit_many_paths, uniq_ijyb
D:4:      layout_layer_cave, gammafunk_ghost_nasty_kobolds
D:5:      layout_rooms, zin_scriptorium, st_stairs_4
D:6:      layout_gridville, general_overflow_altar,
          grunt_temple_overflow_cloverleaf,
          minmay_temple_entry_drinking_statues, nicolae_ossuary_entry_monument,
          dk_noncrumbling_4, minmay_bent, uniq_maggie, uniq_edmund
Temple:   dshaligram_water_room_temple

Skill      XL: |  1  2  3  4  5  6  7  8 |
---------------+-------------------------+-----
Spellcasting   | 2 3 4 |  4.6
Necromancy     | 5 6 7 9 |  9.1
Dodging        | 2 |  2.6
Fighting       | 1 2 |  2.5
Axes           | 2 4 |  4.0
Armour         | 1 2 |  2.3
Stealth        | 2 |  2.1

Action                   |  1- 3 |  4- 6 |  7- 9 || total
-------------------------+-------+-------+-------++-------
Melee: Falchion          |    14 |       |       ||    14
       Whip              |    46 |    52 |       ||    98
       Hand axe          |       |    32 |   133 ||   165
       Broad axe         |       |       |     8 ||     8
 Cast: Pain              |    70 |    66 |    33 ||   169
       Animate Skeleton  |     6 |    12 |    10 ||    28
       Vampiric Draining |       |    14 |    42 ||    56
  Use: Potion            |       |     4 |     3 ||     7
       Scroll            |       |     4 |     5 ||     9
 Stab: Sleeping          |       |     1 |       ||     1
Armor: Robe              |    26 |    30 |       ||    56
       Leather armour    |       |    23 |    95 ||   118
       Steam dragon scal |       |       |    11 ||    11
Dodge: Dodged            |    72 |    71 |   171 ||   314
       Rpst.: Falchion   |     1 |       |       ||     1

Table legend: (Time is in decaauts)
 A = Elapsed time spent in this place.
 B = Non-inter-level travel time spent in this place.
 C = Inter-level travel time spent in this place.
 D = Time resting spent in this place.
 E = Time spent auto-exploring this place.
 F = Levels seen in this place.
 G = Mean time per level.
                   A        B        C        D        E       F      G
               +--------+--------+--------+--------+--------+-----+--------+
         Total |   9375 |   9049 |    326 |   3742 |   3672 |   8 | 1171.9 |
       Dungeon |   8832 |   8531 |    301 |   3433 |   3672 |   6 | 1472.0 |
        Temple |    540 |    515 |     25 |    309 |      0 |   1 |  540.0 |
       Ossuary |      2 |      2 |      0 |      0 |      0 |   1 |    2.0 |
               +--------+--------+--------+--------+--------+-----+--------+

Top non-repeatable levels by time:
     D:5: 1777 daAuts
     D:1: 1732 daAuts
     D:3: 1696 daAuts
     D:2: 1433 daAuts
     D:4: 1310 daAuts
     D:6: 881 daAuts
  Temple: 540 daAuts
 Ossuary: 2 daAuts
